 Dungeon Crawl Stone Soup version 0.28.0-53-g5a82cb258f (webtiles) character file.

Game seed: 8191461868071636140

60 MalarOregon the Chopper (level 3, -1/29 HPs)
             Began as a Palentonga Gladiator on June 10, 2022.
             Succumbed to an adder's poison
             ... on level 2 of the Dungeon.
             The game lasted 00:02:10 (966 turns).

MalarOregon the Chopper (Palentonga Gladiator)       Turns: 966, Time: 00:02:11

Health: -1/29      AC:  5    Str: 19    XL:     3   Next: 80%
Magic:  3/3        EV: 10    Int:  8    God:
Gold:   29         SH:  0    Dex: 11    Spells: 2/2 levels left

rFire   . . .      SeeInvis +   a - +0 war axe
rCold   . . .      Faith    .   (no shield)
rNeg    . . .      Spirit   .   b - +0 leather armour
rPois   .          Reflect  .   c - +0 helmet
rElec   .          Harm     .   (no cloak)
rCorr   .          Rampage  .   (no gloves)
Will    .....                   (no barding)
Stlth   +.........              (no amulet)
HPRegen 0.09/turn               (no ring)
MPRegen 0.08/turn               (no ring)

@: lethally poisoned (-1 -> -9), attractive
A: large, rugged brown scales 3, see invisible, deformed body, roll 1, armoured
tail
a: Rolling Charge


You were on level 2 of the Dungeon.
You visited 1 branch of the dungeon, and saw 2 of its levels.

You collected 29 gold pieces.


Innate Abilities, Weirdness & Mutations

You are completely covered in rugged brown scales. (AC +3, +7% HP)
You have supernaturally acute eyesight. (SInv)
Armour fits poorly on your strangely shaped body.
You can roll at nearby foes to attack.
You have a long armoured tail.


   Skills:
 * Level 2.5 Fighting
 * Level 3.4 Axes
 + Level 1.6 Throwing
 * Level 1.1 Armour
 * Level 2.8 Dodging


You had 2 spell levels left.
You didn't know any spells.
Your spell library was empty.

Inventory:

Hand Weapons
 a - a +0 war axe (weapon)
Missiles
 d - 3 throwing nets (quivered) {!f}
Armour
 b - a +0 leather armour (worn)
 c - a +0 helmet (worn)
Scrolls
 e - a scroll of amnesia {unknown}
 f - a scroll of enchant weapon {unknown}
 h - a scroll of identify {unknown}
Potions
 g - a potion of attraction {!q}

Dungeon Overview and Level Annotations

Branches:
Dungeon (2/15)

Altars:

..........).....
........†....# .
......#..#...#...
#..............
###....<...#..
#............
##...........
#.......#.##
#@......# #
#....SS††.......
.....##.....>....
.#.# #..#....#.#
#. #.........
...#....#.
........# ....
...#


You could see 2 ball pythons.


Message History

You destroy the quokka skeleton!
The adder zombie barely misses you.
The ball python zombie bites you but does no damage.
The adder zombie bites you.
You slash the adder zombie! You tail-slap the adder zombie.
You destroy the adder zombie!
You slash the ball python zombie!
You destroy the ball python zombie!
You hit the worm. The worm barely misses you.
You hear an angry hiss.
You barely miss the worm.
You hear an angry hiss.
The worm bites you.
You hear an angry hiss.
You slash the worm! You punch the worm.
You kill the worm!
You hear an angry hiss. x2
No target in view!
An adder comes into view.
Roll where?
Press: ? - help, Dir - move target, f - adder
Aim: an adder You roll forward with a clatter of scales!
You barely miss the adder.
You hear an angry hiss. x5
The adder bites you.
You hit the adder. The adder bites you. The adder closely misses you.
You hit the adder. The adder closely misses you. x2
You hit the adder. The adder closely misses you.
A rat comes into view.
You miss the adder. The adder bites you. x2
* * * LOW HITPOINT WARNING * * *
You hit the adder.
You kill the adder!
A ball python comes into view.
Roll where?
Press: ? - help, Dir - move target, f - ball python
Aim: a ball python (wandering, hasn't noticed you)
You roll forward with a clatter of scales!
The ball python hisses angrily.
You slash the ball python!
You kill the ball python!
You hear an angry hiss. x4
A hobgoblin comes into view.
You are too injured to fight recklessly!
An adder and 2 ball pythons come into view.
The ball python hisses angrily.
The adder hisses angrily.
The ball python hisses angrily.
The hobgoblin shouts!
The rat twitches its whiskers.
A ball python comes into view.
Roll where?
Press: ? - help, Dir - move target, f - adder
Aim: an adder You roll forward with a clatter of scales!
A ball python comes into view.
You barely miss the adder. The adder misses you.
It was a potion of attraction.
You feel attractive to monsters. The ball python bites you.
* * * LOW HITPOINT WARNING * * *
The adder barely misses you. The rat bites you.
* * * LOW HITPOINT WARNING * * *
Unknown command.
You aren't carrying any items that you can evoke.
There are monsters nearby!
You barely miss the adder. You closely miss the ball python. You hit the rat.
You kill the rat!
The ball python bites you.
* * * LOW HITPOINT WARNING * * *
The adder bites you but does no damage.
The ball python bites you but does no damage.
The adder bites you but does no damage. The hobgoblin hits you.
* * * LOW HITPOINT WARNING * * *
You miss the adder. You slash the hobgoblin!
You kill the hobgoblin!
You closely miss the ball python.
The ball python bites you but does no damage.
The adder bites you.
* * * LOW HITPOINT WARNING * * *
You are poisoned.
The adder poisons you!
You closely miss the adder. You slash the ball python!
You kill the ball python!
* * * LOW HITPOINT WARNING * * *
You feel sick. The adder bites you.
* * * LOW HITPOINT WARNING * * *
You are lethally poisoned!
The adder poisons you! The adder bites you but does no damage.
The ball python bites you but does no damage.
You miss the adder. You hit the ball python.
You kill the ball python!
* * * LOW HITPOINT WARNING * * *
You feel very sick. The adder bites you but does no damage.
The ball python bites you but does no damage.
The adder barely misses you.
You slash the adder!
You kill the adder!
You completely miss the ball python.
You die...

Skill      XL: |  1  2  3 |
---------------+----------+-----
Armour         | 1 |  1.1
Fighting       | |  2.5
Axes           | |  3.4
Throwing       | |  1.6
Dodging        | |  2.8

Action                   || total
-------------------------++-------
Melee: War axe           ||    70
       Tailslap          ||     3
       Punch             ||     1
 Abil: Rolling Charge    ||     8
  Use: Potion            ||     1
Armor: Leather armour    ||    35
Dodge: Dodged            ||    47

Levels and vault maps discovered:
D:1:      minmay_arrival_radiant_lines, layout_rooms, hex_medium
D:2:      layout_basic, hellmonk_ecumenical_altar_pennies_from_heaven,
          serial_undead, serial_undead_e, serial_undead_d, serial_undead_e,
          serial_undead_a, minmay_shallow_snake_nest, uniq_robin

Notes
Turn   | Place    | Note
-------+----------+-------------------------------------------
     0 | D:1      | MalarOregon the Palentonga Gladiator began the quest for
                  | the Orb.
     0 | D:1      | Reached XP level 1. HP: 17/17 MP: 1/1
    30 | D:1      | Reached XP level 2. HP: 23/23 MP: 2/2
   576 | D:1      | Reached XP level 3. HP: 29/29 MP: 3/3
   655 | D:1      | Reached skill level 1 in Armour
   964 | D:2      | HP: 6/29 [poisoned by an adder]
   965 | D:2      | HP: 2/29 [poisoned by an adder]
   966 | D:2      | Succumbed to an adder's poison

Vanquished Creatures
  2 adders (D:2)
  An adder zombie (D:2)
  A worm (D:2)
  A dart slug (D:1)
  6 ball pythons
  2 bats (D:1)
  An endoplasm (D:1)
  2 giant cockroaches (D:1)
  4 goblins (D:1)
  2 hobgoblins
  8 jackals (D:1)
  A kobold (D:1)
  A quokka (D:1)
  A ball python zombie (D:2)
  A giant cockroach zombie (D:2)
  A quokka skeleton (D:2)
  4 rats
39 creatures vanquished.

Vanquished Creatures (others)
  6 plants (D:2)
6 creatures vanquished.

Grand Total: 45 creatures vanquished

Table legend:
 A = Non-vault XP
 B = Vault XP
 C = Vault XP percentage of total XP
 D = Non-vault monster count
 E = Vault monster count
 F = Vault count percentage of total count
                 A         B        C        D         E       F
            +---------+---------+-------+---------+---------+-------
      Total |      73 |      26 |  26.3 |      31 |       8 |  20.5
            +---------+---------+-------+---------+---------+-------
        D:1 |      52 |       0 |   0.0 |      27 |       0 |   0.0
        D:2 |      21 |      26 |  55.3 |       4 |       8 |  66.7
            +---------+---------+-------+---------+---------+-------

Illustrated notes

Table legend:
 A = Kills in this place as a percentage of kills in entire the game.
 B = Kills by you in this place as a percentage of kills by you in the entire game.
 C = Kills by friends in this place as a percentage of kills by friends in the entire game.
 D = Other kills in this place as a percentage of other kills in the entire game.
 E = Experience gained in this place as a percentage of experience gained in the entire game.
 F = Experience gained in this place divided by the number of levels of this place that you have seen.
                   A       B       C       D       E      F
               +-------+-------+-------+-------+-------+----------------------
         Total | 100.0 | 100.0 |   N/A |   N/A | 100.0 |  49.5
       Dungeon | 100.0 | 100.0 |   N/A |   N/A | 100.0 |  49.5
               +-------+-------+-------+-------+-------+----------------------

Table legend: (Time is in decaauts)
 A = Elapsed time spent in this place.
 B = Non-inter-level travel time spent in this place.
 C = Inter-level travel time spent in this place.
 D = Time resting spent in this place.
 E = Time spent auto-exploring this place.
 F = Levels seen in this place.
 G = Mean time per level.
                   A        B        C        D        E       F      G
               +--------+--------+--------+--------+--------+-----+--------+
         Total |    989 |    980 |      9 |    224 |    589 |   2 |  494.5 |
       Dungeon |    989 |    980 |      9 |    224 |    589 |   2 |  494.5 |
               +--------+--------+--------+--------+--------+-----+--------+

Top non-repeatable levels by time:
     D:1: 954 daAuts
     D:2: 35 daAuts
